 Dungeon Crawl Stone Soup version 0.27-a0-978-g2aa4ecdaef (webtiles) character file.

Game seed: 11372761949612635012

44 stormannn the Ducker (level 3, -6/29 HPs)
             Began as a Djinni Gladiator on Apr 14, 2021.
             Was an Initiate of Ashenzari.
             Mangled by Terence
             ... wielding a +0 trident
              (10 damage)
             ... on level 2 of the Dungeon.
             The game lasted 00:04:11 (1413 turns).

stormannn the Ducker (Djinni Gladiator)             Turns: 1413, Time: 00:04:12

Health: -6/29      AC:  4    Str: 13    XL:     3   Next: 62%
Gold:   77         EV: 13    Int: 10    God:    Ashenzari [......] SH:  0 Dex: 14

rFire    + + .     SeeInvis .   a - +0 trident
rCold    x . .     Faith    .   (no shield)
rNeg     . . .     Spirit   .   b - +0 leather armour
rPois    ∞         Reflect  .   c - +0 helmet of Ashenzari's Liberalism {Cun, Range} (curse)
rElec    .         Harm     .   (no cloak)
rCorr    .         Rampage  .   (no gloves)
Will     .....                  (boots unavailable)
Stlth    +.........             (no amulet)
HPRegen  0.09/turn              (no ring)
MPRegen  0.00/turn              (no ring)

@: flying
A: fire resistance 2, cold vulnerability 1, float, innate caster, hp casting,
extra vitality 1
a: Renounce Religion, Shatter the Chains


You were on level 2 of the Dungeon.
You worshipped Ashenzari.
Ashenzari was noncommittal.
You visited 1 branch of the dungeon, and saw 2 of its levels.

You collected 77 gold pieces.

Inventory:

Hand Weapons
 a - a +0 trident (weapon)
Missiles
 d - 3 throwing nets (quivered)
Armour
 b - a +0 leather armour (worn)
 c - the cursed +0 helmet of Ashenzari's Liberalism (worn) {Cun, Range}

   It has a curse which improves the following skills: Cunning: Dodging and
   Stealth.
   Ranged Combat: Slings, Bows, Crossbows and Throwing.
Scrolls
 e - a scroll of acquirement
 f - a scroll of noise
 g - a scroll of teleportation
Potions
 h - a potion of brilliance
 i - a potion of haste
 j - a potion of might
 k - a potion of magic


   Skills:
 + Level 2.3 Fighting
 * Level 2.9 Polearms
 - Level 1.5(2.0) Throwing
 + Level 1.0 Armour
 + Level 3.6(4.1) Dodging
 + Level 0.9 Spellcasting


You had 2 spell levels left.
You knew the following spells:

 Your Spells              Type           Power      Damage    Failure   Level
a - Foxfire               Conj/Fire      8%         2x1d4     30%         1
Your spell library was empty.

Dungeon Overview and Level Annotations

Branches:
Dungeon (2/15)

Altars:
Ashenzari

Annotations:
D:2 Terence


Innate Abilities, Weirdness & Mutations

You are immune to poison.
Your flesh is very heat resistant. (rF++)
You are vulnerable to cold. (rC-)
You float through the air rather than walking.
You learn spells naturally, not from books.
Your magical power is your life essence.
You have superior vitality. (+4 HP)


Message History

The adder is severely wounded.
The adder closely misses you.
You hit the adder.
You kill the adder!
Terence hits you from afar with a +0 trident!
Your Armour skill increases to level 1!
Okay, then.
Unknown command.
Press: ? - help, v - describe, . - travel
Here: Terence, wielding a +0 trident and wearing a +0 chain mail of poison resistance The floor.
Unknown command.
Casting: Foxfire (safe; 30% risk of failure)
Confirm with . or Enter, or press ? or * to list all spells.
Okay, then.
Unknown command.
Terence barely misses you.
Casting: Foxfire (safe; 30% risk of failure)
Confirm with . or Enter, or press ? or * to list all spells.
You conjure some foxfire!
The foxfire hits Terence but does no damage.
The foxfire hits Terence.
Terence is lightly wounded.
Terence misses you.
Casting: Foxfire (safe; 30% risk of failure)
Confirm with . or Enter, or press ? or * to list all spells.
You miscast Foxfire.
You are very lightly contaminated with residual magic.
Nothing appears to happen.
Terence hits you from afar with a +0 trident!
* * * LOW HITPOINT WARNING * * *
You see here a rat corpse.
Your magical contamination has completely faded away.
You see here a bat skeleton.
Really fly into that dispersal trap?
You enter a dispersal trap!
Terence blinks! x2; You blink.
Terence screams, "I want your blood!" Terence barely misses you.
Terence hits you from afar with a +0 trident!
You die...

##.# #..# ###.##
#..... #.....
#############.....
#<^.......##......
#...........÷.....
#@...÷)....##.....
#.)........##.....
#.<@..............
#.........###.###.
#.........#...# #.
#.........#.### ##
###########. #. .
#. # #.


You could see Terence.

Vanquished Creatures
  An adder (D:2)
  6 ball pythons
  5 endoplasms (D:1)
  3 giant cockroaches
  5 goblins
  2 hobgoblins
  2 jackals (D:1)
  A quokka (D:1)
  2 bats (D:2)
  6 rats
33 creatures vanquished.

Vanquished Creatures (others)
  2 foxfires (D:2)
2 creatures vanquished.

Grand Total: 35 creatures vanquished

Notes
Turn   | Place    | Note
-------+----------+-------------------------------------------
     0 | D:1      | stormannn the Djinni Gladiator began the quest for the Orb.
     0 | D:1      | Reached XP level 1. HP: 18/18 MP: 0/0
   331 | D:1      | Reached XP level 2. HP: 23/23 MP: 0/0
   679 | D:1      | Found a faded altar of an unknown god.
   909 | D:1      | Reached XP level 3. HP: 23/28 MP: 0/0
   909 | D:1      | Learned a level 1 spell: Foxfire
  1145 | D:1      | Became a worshipper of Ashenzari the Shackled
  1259 | D:2      | Identified a scroll of acquirement
  1376 | D:2      | Noticed Terence
  1388 | D:2      | Reached skill level 1 in Armour
  1413 | D:2      | Mangled by Terence

Illustrated notes

Levels and vault maps discovered:
D:1:      psy_arrival_fountain, layout_basic, ebering_ecumenical_altar_mist
D:2:      layout_rooms, uniq_terence

Skill      XL: |  1  2  3 |
---------------+----------+-----
Armour         | 1 |  1.0
Fighting       | |  2.3
Polearms       | |  2.9
Throwing       | |  1.5
Dodging        | |  3.6
Spellcasting   | |  0.9

Action                   || total
-------------------------++-------
Melee: Trident           ||    91
 Cast: Foxfire           ||     1
Invok: Curse Item        ||     1
 Stab: Sleeping          ||     1
Armor: Leather armour    ||    10
Dodge: Dodged            ||    51

Table legend: (Time is in decaauts)
 A = Elapsed time spent in this place.
 B = Non-inter-level travel time spent in this place.
 C = Inter-level travel time spent in this place.
 D = Time resting spent in this place.
 E = Time spent auto-exploring this place.
 F = Levels seen in this place.
 G = Mean time per level.
                   A        B        C        D        E       F      G
               +--------+--------+--------+--------+--------+-----+--------+
         Total |   1427 |   1339 |     88 |    253 |    819 |   2 |  713.5 |
       Dungeon |   1427 |   1339 |     88 |    253 |    819 |   2 |  713.5 |
               +--------+--------+--------+--------+--------+-----+--------+

Top non-repeatable levels by time:
     D:1: 1187 daAuts
     D:2: 240 daAuts
